Match 45887737
Unlisted

Match 45887737
End
Kradschützen Motorcycle Team
Selects Italian Combined Arms Battlegroup
Selects Bersaglieri Squad
Bersaglieri Squad
Bersaglieri Squad
Bersaglieri Squad
Construct Light Support Kompanie
Bersaglieri Squad
2.5-tonne Medical Truck
Construct Mechanized Kompanie
254 Reconnaissance Tractor
Marder III Tank Destroyer
Selects Bersaglieri Bolster
Selects Breda Model 30 Light Machine Guns
Marder III Tank Destroyer
Marder III Tank Destroyer
Selects Semovente da 75/18 Assault Gun
MG34 Team
Panzerpioneer Squad
Marder III Tank Destroyer
Marder III Tank Destroyer
Marder III Tank Destroyer
Selects Strafing Run
Selects Artillery Cover
254 Reconnaissance Tractor
苏大大
二郎显圣真君
www
Qhunter
DebaKLeTV
Valieriumborn
0
0

Comments sign in to comment!

No comments posted yet!